 Dungeon Sprint DCSS version 0.30-a0-1161-g0704695555 (webtiles) character file.

Game seed: 10998195705585719834

4600000 sircluck the Axe Maniac (level 23, -20/360 HPs)
             Began as a Hill Orc Berserker on Apr 27, 2023.
             Was the Champion of Trog.
             Demolished by a meat berserker
             ... wielding a +9 battleaxe
              (47 damage)
             ... in the Dungeon (Sprint VIII: "Arena of Blood").
             The game lasted 00:03:21 (46 turns).

sircluck the Axe Maniac (Hill Orc Berserker)          Turns: 46, Time: 00:03:22

Health: -20/360    AC:  4    Str: 31    XL:     23   Next: 17%
Magic:  21/40      EV: 22    Int:  7    God:    Trog [******]
Gold:   0          SH:  0    Dex: 10    Spells: 22/22 levels left

rFire   . . .        i - +∞ Axe of Woe
rCold   . . .        (shield currently unavailable)
rNeg    . . .        b - +0 animal skin
rPois   .            (no helmet)
rElec   .            (no cloak)
rCorr   .            (no gloves)
SInv    .            (no boots)
Will    +....        (no amulet) Stlth
                     (no ring)
HPRegen 0.80/turn    (no ring)
MPRegen 0.27/turn

%: no teleportation
@: berserking, very quick
A: no striking features
a: Renounce Religion, Berserk, Trog's Hand, Brothers in Arms


You were in the Dungeon.
You worshipped Trog.
Trog was exalted by your worship.
You visited 1 branch

Inventory:

Hand Weapons
 a - a +0 hand axe
 i - the +∞ Axe of Woe (weapon)
   (You found it in the Dungeon)
Armour
 b - a +0 animal skin (worn)
Potions
 c - a potion of curing
 e - a potion of haste
 f - 2 potions of magic
 g - a potion of berserk rage


   Skills:
 O Level 27 Fighting
 + Level 24.3(27) Short Blades
 + Level 25.5(27) Long Blades
 O Level 27 Axes
 + Level 21.9 Staves
 + Level 21.9 Ranged Weapons
 + Level 21.8 Throwing
 O Level 27 Armour
 O Level 27 Dodging
 O Level 27 Stealth
 + Level 25.3 Shields
 + Level 25.4 Unarmed Combat
 O Level 27 Invocations
 + Level 23.5 Evocations


You had 22 spell levels left.
You didn't know any spells.
Your spell library was empty.

Dungeon Overview and Level Annotations

Branches:
Dungeon (1/1)

Altars:
Makhleb

Annotations:
D The Servant


Message History

The destroyer blinks!
You hear a shout! x2
Your base Short Blades skill increases to level 24!
Your base Long Blades skill increases to level 25!
Your Staves skill increases to level 21!
Your Ranged Weapons skill increases to level 21!
Your Throwing skill increases to level 21!
Your Shields skill increases to level 25!
Your Unarmed Combat skill increases to level 25!
Your Evocations skill increases to level 23!
You have reached level 23!
A meat berserker comes into view. It is wielding a +9 battleaxe.
You are too injured to fight recklessly!
You are too injured to fight recklessly!
You are too injured to fight recklessly!
You are too injured to fight recklessly!
You are too injured to fight recklessly!
You are too injured to fight recklessly!
You are too injured to fight recklessly!
You are too injured to fight recklessly!
You are too injured to fight recklessly!
You are too injured to fight recklessly!
The bag of meat shouts!
You slice the bag of meat!! You chop the bag of meat into pieces.
You kill the bag of meat!
Trog accepts your kill.
You hear a shout! x5
The destroyer is engulfed in blazing flames.
The destroyer casts a spell at you.
The destroyer blinks!
The meat berserker is engulfed in blazing flames.
The meat berserker rages.
The tyrant mumbles some strange words.
The tyrant seems to speed up.
You hear a shout! x2
Unknown command.
A bag of meat comes into view. It is wielding a +9 war axe.
The bag of meat shouts!
The meat berserker hits you with a +9 battleaxe!!!
You die...

..§...................
.........o...........#.
.........°o......z..o..
......o.oDO..........#.
#....V§§#.......o....O
#...°.o°#...o....Vo.##
###....Vo§###...).....O.
.....###○☼L.....))o.o###
......_☼))O....)@.......
...#..)☼○#...z..O#.#..O.
#_)<)_#....V.V....O..
#).)).#......#.#.#§..
....._.............. oo
...OO###.........#o#.# .
###o. ...###... ..o. #..
...# .... ..o #.. ..#


You could see a tyrant (fast), an eight-headed meat hydra, 3 destroyers, 2
sculptors of flesh, 3 large bags of meat, 3 meat berserkers and 13 bags of meat.

Vanquished Creatures
  4 vampire knights (D)
  19 ogres (D)
  3 two-headed ogres (D)
  22 orcs (D)
48 creatures vanquished.

Notes
Turn   | Place    | Note
-------+----------+-------------------------------------------
     0 | D        | Found the +∞ Axe of Woe
     0 | D        | sircluck the Hill Orc Berserker began the quest for the
                  | Orb.
     0 | D        | Reached XP level 1. HP: 19/19 MP: 1/1
     2 | D        | Noticed a bag of meat
     2 | D        | Noticed a bag of meat
     3 | D        | Noticed a meat berserker
     4 | D        | Noticed a meat berserker
     4 | D        | Noticed a bag of meat
     5 | D        | Killed a meat berserker
     5 | D        | Noticed a meat berserker
     5 | D        | Noticed a bag of meat
     6 | D        | Reached skill level 10 in Armour
     6 | D        | Reached XP level 2. HP: 60/60 MP: 2/2
     6 | D        | Reached XP level 3. HP: 67/67 MP: 3/3
     6 | D        | Reached XP level 4. HP: 75/75 MP: 4/4
     6 | D        | Reached XP level 5. HP: 82/82 MP: 5/5
     6 | D        | Reached XP level 6. HP: 91/91 MP: 6/6
     6 | D        | Reached XP level 7. HP: 97/97 MP: 7/7
     6 | D        | Reached XP level 8. HP: 106/106 MP: 8/8
     6 | D        | Reached XP level 9. HP: 114/114 MP: 9/9
     6 | D        | Reached XP level 10. HP: 122/122 MP: 10/10
     6 | D        | Reached XP level 11. HP: 129/129 MP: 11/11
     6 | D        | Reached XP level 12. HP: 137/137 MP: 12/12
     6 | D        | Noticed a bag of meat
     8 | D        | Noticed a meat berserker
     8 | D        | Killed a meat berserker
     8 | D        | Reached ** piety under Trog
     8 | D        | Killed a bag of meat
     9 | D        | Reached skill level 27 in Fighting
     9 | D        | Reached skill level 27 in Axes
     9 | D        | Reached XP level 13. HP: 159/159 MP: 13/13
     9 | D        | Killed a meat berserker
     9 | D        | Killed a meat berserker
     9 | D        | Reached *** piety under Trog
     9 | D        | Noticed a meat berserker
     9 | D        | Noticed a meat berserker
    10 | D        | Reached XP level 14. HP: 168/168 MP: 14/14
    10 | D        | Reached XP level 15. HP: 174/174 MP: 15/15
    10 | D        | Noticed a meat berserker
    11 | D        | Noticed a meat berserker
    14 | D        | Killed a meat berserker
    14 | D        | Reached **** piety under Trog
    15 | D        | Reached XP level 16. HP: 124/183 MP: 16/16
    15 | D        | Killed a meat berserker
    15 | D        | Killed a meat berserker
    16 | D        | Reached skill level 27 in Armour
    17 | D        | Killed a meat berserker
    18 | D        | Reached skill level 27 in Dodging
    18 | D        | Reached XP level 17. HP: 131/191 MP: 17/17
    18 | D        | Reached ***** piety under Trog
    19 | D        | Reached skill level 5 in Short Blades
    19 | D        | Reached skill level 5 in Staves
    19 | D        | Reached skill level 5 in Ranged Weapons
    19 | D        | Reached skill level 5 in Throwing
    19 | D        | Reached skill level 5 in Stealth
    19 | D        | Reached skill level 5 in Evocations
    20 | D        | Noticed a large bag of meat
    20 | D        | Noticed a meat berserker
    21 | D        | Noticed a large bag of meat
    21 | D        | Noticed a meat berserker
    21 | D        | Noticed a meat berserker
    22 | D        | Noticed a meat berserker
    23 | D        | Killed a meat berserker
    24 | D        | Noticed a meat berserker
    24 | D        | Noticed a destroyer
    25 | D        | Killed a meat berserker
    25 | D        | Received a gift from Trog
    26 | D        | Reached XP level 18. HP: 141/200 MP: 18/23
    26 | D        | Killed a meat berserker
    26 | D        | Noticed a meat berserker
    26 | D        | Noticed a large bag of meat
    28 | D        | Reached skill level 27 in Stealth
    28 | D        | Killed a meat berserker
    28 | D        | Killed a large bag of meat
    28 | D        | Killed a large bag of meat
    29 | D        | Reached skill level 10 in Staves
    29 | D        | Reached skill level 10 in Ranged Weapons
    29 | D        | Reached skill level 10 in Throwing
    29 | D        | Reached XP level 19. HP: 88/207 MP: 18/29
    29 | D        | Noticed a meat berserker
    29 | D        | Noticed a meat berserker
    29 | D        | Noticed The Servant
    29 | D        | Noticed a meat berserker
    30 | D        | Reached ****** piety under Trog
    31 | D        | Reached skill level 15 in Invocations
    31 | D        | Killed a meat berserker
    31 | D        | Received a gift from Trog
    33 | D        | Killed a meat berserker
    33 | D        | Noticed a destroyer
    33 | D        | Noticed a large bag of meat
    33 | D        | Noticed a destroyer
    34 | D        | Reached skill level 15 in Long Blades
    34 | D        | Reached skill level 15 in Shields
    34 | D        | Reached skill level 15 in Unarmed Combat
    34 | D        | Reached XP level 20. HP: 107/216 MP: 19/33
    34 | D        | Killed a meat berserker
    35 | D        | Reached skill level 15 in Short Blades
    35 | D        | Reached skill level 15 in Evocations
    35 | D        | Killed a meat berserker
    35 | D        | Killed a destroyer
    35 | D        | Noticed an eight-headed meat hydra
    36 | D        | Reached skill level 15 in Staves
    36 | D        | Reached skill level 15 in Ranged Weapons
    36 | D        | Reached skill level 15 in Throwing
    37 | D        | Reached XP level 21. HP: 113/224 MP: 19/35
    37 | D        | Noticed a destroyer
    37 | D        | Killed a destroyer
    38 | D        | Killed a meat berserker
    38 | D        | Identified the +11 double sword of the Land of Plenty
                  | {heavy, rCorr} (Trog gifted it to you in the Dungeon)
    38 | D        | Received a gift from Trog
    39 | D        | Noticed a destroyer
    39 | D        | Killed a destroyer
    39 | D        | Killed a large bag of meat
    39 | D        | Received a gift from Trog
    40 | D        | Reached XP level 22. HP: 76/233 MP: 20/39
    41 | D        | Reached skill level 27 in Invocations
    41 | D        | Noticed a large bag of meat
    41 | D        | Noticed a destroyer
    41 | D        | Noticed a large bag of meat
    41 | D        | Noticed a destroyer
    41 | D        | Noticed a destroyer
    42 | D        | Noticed a large bag of meat
    43 | D        | Received a gift from Trog
    43 | D        | Noticed a tyrant
    44 | D        | Killed a destroyer
    45 | D        | Reached XP level 23. HP: 26/240 MP: 21/40
    46 | D        | Demolished by a meat berserker

Illustrated notes

Levels and vault maps discovered:
D:        meatsprint

Skill      XL: |  1  2  3  4  5  6  7  8  9 10 11 12 13 14 15 16 17 18 19 20 21 22 |
---------------+-------------------------------------------------------------------+-----
Fighting       | 21 27 | 27.0
Axes           | 24 27 | 27.0
Armour         | 10 14 21 25 27 | 27.0
Dodging        | 8 11 17 22 27 | 27.0
Short Blades   | 5 11 14 17 21 24 | 24.3
Long Blades    | 6 12 15 18 22 25 | 25.5
Staves         | 5 10 13 15 19 21 | 21.9
Ranged Weapons | 5 10 13 15 19 21 | 21.9
Throwing       | 5 10 13 15 19 21 | 21.8
Stealth        | 23 27 | 27.0
Shields        | 6 12 15 18 22 25 | 25.3
Unarmed Combat | 6 12 15 18 22 25 | 25.4
Invocations    | 7 14 18 21 26 27 | 27.0
Evocations     | 5 11 14 17 21 23 | 23.5

Action                     |  1- 3 |  4- 6 |  7- 9 | 10-12 | 13-15 | 16-18 | 19-21 | 22-24 || total
---------------------------+-------+-------+-------+-------+-------+-------+-------+-------++-------
  Melee: Executioner's axe |     1 |       |       |     1 |     4 |     9 |     9 |     4 ||    28
 Invoke: Berserk           |       |       |       |       |       |       |       |     1 ||     1
    Use: Potion            |       |       |       |       |       |       |     1 |       ||     1
         Scroll            |       |       |       |       |       |       |       |     1 ||     1

Table legend: (Time is in decaauts)
 A = Elapsed time spent in this place.
 B = Non-inter-level travel time spent in this place.
 C = Inter-level travel time spent in this place.
 D = Time resting spent in this place.
 E = Time spent auto-exploring this place.
 F = Levels seen in this place.
 G = Mean time per level.
                   A        B        C        D        E       F      G
               +--------+--------+--------+--------+--------+-----+--------+
         Total |     37 |     37 |      0 |      0 |      0 |   1 |   37.0 |
       Dungeon |     37 |     37 |      0 |      0 |      0 |   1 |   37.0 |
               +--------+--------+--------+--------+--------+-----+--------+

Top non-repeatable levels by time:
       D: 37 daAuts
